 Dungeon Crawl Stone Soup version 0.29.1-2-gbd0b4ee654 (webtiles) character file.

Game seed: 3589360939155269087

502 PhantomBowie the Stinger (level 7, -1/52 HPs)
             Began as a Gnoll Wanderer on Nov 30, 2022.
             Killed by nerve-wracking pain
             ... invoked by Menkaure
              (6 damage)
             ... on level 4 of the Dungeon on Dec 1, 2022.
             The game lasted 00:10:29 (2253 turns).

PhantomBowie the Stinger (Gnoll Wanderer)           Turns: 2253, Time: 00:10:29

Health: -1/52      AC: 11    Str:  8    XL:     7   Next: 17%
Magic:  15/15      EV:  3    Int: 12    God:
Gold:   278        SH:  5    Dex: 16    Spells: 16/17 levels left

rFire   . . .      SeeInvis .   a - +0 falchion
rCold   . . .      Faith    .   b - +0 buckler
rNeg    . . .      Spirit   .   r - +0 chain mail
rPois   +          Reflect  .   j - +2 hat
rElec   .          Harm     .   (no cloak)
rCorr   .          Rampage  .   u - +0 pair of gloves
Will    .....                   (no boots)
Stlth   ..........              f - amulet of regeneration
HPRegen 0.97/turn               e - +4 ring of slaying
MPRegen 0.14/turn               n - ring of poison resistance

@: no status effects
A: fangs 1, strong nose, distributed training
a: no special abilities


You were on level 4 of the Dungeon.
You visited 1 branch of the dungeon, and saw 4 of its levels.

You collected 278 gold pieces.

Inventory:

Hand Weapons
 a - a +0 falchion (weapon)
 g - a +3 sling
Armour
 b - a +0 buckler (worn)
 d - a +0 robe
 j - a +2 hat (worn)
 r - a +0 chain mail (worn)
 u - a +0 pair of gloves (worn)
Jewellery
 e - a +4 ring of slaying (left hand)
 f - an amulet of regeneration (around neck)
 n - a ring of poison resistance (right hand)
 o - a ring of wizardry
Scrolls
 h - 6 scrolls of identify {unknown}
 l - a scroll of immolation {unknown}
 m - a scroll of acquirement {unknown}
 p - 2 scrolls of enchant weapon {unknown}
 q - 2 scrolls of amnesia {unknown}
 t - a scroll of torment {unknown}
 w - a scroll of magic mapping {unknown}
Potions
 c - a potion of attraction
 i - a potion of resistance {unknown}
 k - a potion of haste {unknown}
 s - a potion of cancellation {unknown}
 v - a potion of curing {unknown}


   Skills:
 + Level 3.5 Fighting
 + Level 2.4 Short Blades
 + Level 3.5 Long Blades
 + Level 2.4 Axes
 + Level 2.4 Maces & Flails
 + Level 2.4 Polearms
 + Level 2.4 Staves
 + Level 2.4 Ranged Weapons
 + Level 2.4 Throwing
 + Level 2.4 Armour
 + Level 2.4 Dodging
 + Level 3.4 Stealth
 + Level 3.5 Shields
 + Level 2.4 Unarmed Combat
 + Level 5.6 Spellcasting
 + Level 2.0 Conjurations
 + Level 2.0 Hexes
 + Level 2.0 Summonings
 + Level 2.0 Necromancy
 + Level 2.0 Translocations
 + Level 2.0 Transmutations
 + Level 2.0 Fire Magic
 + Level 2.0 Ice Magic
 + Level 2.0 Air Magic
 + Level 2.0 Earth Magic
 + Level 5.8 Poison Magic
 + Level 2.6 Invocations
 + Level 3.5 Evocations


You had 16 spell levels left.
You knew the following spells:

 Your Spells              Type           Power      Damage    Failure   Level
a - Sting                 Tmut/Pois      48%        1d5       100%        1

Your spell library contained the following spells:

 Spells                   Type           Power      Damage    Failure   Level
 Gell's Gravitas          Tloc           8%         N/A       100%        3
 Lesser Beckoning         Tloc           8%         N/A       100%        3
 Teleport Other           Tloc           8%         N/A       100%        3
 Corpse Rot               Necr/Pois/Air  11%        N/A       100%        4
 Olgreb's Toxic Radiance  Pois           17%        N/A       100%        4


Dungeon Overview and Level Annotations

Branches:
Dungeon (4/15)
 Temple: D:4-7

Altars:
Fedhas

Annotations:
D:4 Menkaure


Innate Abilities, Weirdness & Mutations

You have very sharp teeth.
Your uncanny sense of smell can sniff out nearby items.
Your experience applies equally to all skills.


Message History

The adder bites you but does no damage. The adder barely misses you.
You barely miss the adder.
The adder is heavily wounded.
The adder bites you but does no damage.
You barely miss the adder.
The adder is heavily wounded.
The adder completely misses you. You block the adder's attack.
You barely miss the adder.
The adder is heavily wounded.
The adder barely misses you. You block the adder's attack.
You closely miss the adder.
The adder is heavily wounded.
You block the adder's attack.
You hit the adder. Your bite misses the adder.
The adder is almost dead.
You block the adder's attack. The adder bites you but does no damage.
You miss the adder.
The adder is almost dead.
Menkaure mumbles some strange words.
Menkaure seems to speed up.
You block the adder's attack.
You slash the adder!
You kill the adder!
Menkaure casts a spell at you.
You struggle to resist.
Menkaure calls on the powers of darkness!
Your body is wracked with pain!
You see here an adder corpse.
You hit Menkaure.
Menkaure is moderately damaged.
Menkaure hits you!
You hit Menkaure but do no damage.
Menkaure is moderately damaged.
Menkaure hits you!
* * * LOW HITPOINT WARNING * * *
You block Menkaure's attack.
You hit Menkaure but do no damage.
Menkaure is moderately damaged.
Menkaure casts a spell at you. Pain shoots through your body!
You die...

#.#.# #.#.# ∆ #.#.####### .
∆#..........
....###.#############
.....................
....###...S...##############
.. #######M#............###
#@#..####.........
#.#..####...#.####
#.................
###.######....####
#.#.###.....#.#
#.#.........#.#
#.#.###.....#.## #.#.
#.....#... #.#. #.....####


You could see Menkaure (fast).

Vanquished Creatures
  Grinder (D:3)
  Sigmund (D:3)
  Robin (D:2)
  5 adders
  A worm (D:2)
  9 ball pythons
  2 bats (D:1)
  12 endoplasms
  2 giant cockroaches (D:1)
  12 goblins
  12 hobgoblins
  5 quokkas
  5 frilled lizards
  5 kobolds
  8 rats
81 creatures vanquished.

Notes
Turn   | Place    | Note
-------+----------+-------------------------------------------
     0 | D:1      | PhantomBowie the Gnoll Wanderer began the quest for the
                  | Orb.
     0 | D:1      | PhantomBowie set off with the following items: a +0
                  | falchion, a +0 buckler, a potion of attraction, a +0 robe;
                  | and the following spell memorised: Sting; and the following
                  | spells available to memorise: Olgreb's Toxic Radiance,
                  | Corpse Rot.
     0 | D:1      | Reached XP level 1. HP: 17/17 MP: 6/6
   244 | D:1      | Reached XP level 2. HP: 20/23 MP: 7/7
   411 | D:1      | Reached skill level 5 in Spellcasting
   411 | D:1      | Reached XP level 3. HP: 28/28 MP: 7/9
   661 | D:1      | Found a faded altar of an unknown god.
   754 | D:2      | Noticed Robin
   757 | D:2      | Reached skill level 1 in Invocations
   835 | D:2      | Reached skill level 1 in Short Blades
   835 | D:2      | Reached skill level 1 in Axes
   835 | D:2      | Reached skill level 1 in Maces & Flails
   835 | D:2      | Reached skill level 1 in Polearms
   835 | D:2      | Reached skill level 1 in Staves
   835 | D:2      | Reached skill level 1 in Ranged Weapons
   835 | D:2      | Reached skill level 1 in Throwing
   835 | D:2      | Reached skill level 1 in Armour
   835 | D:2      | Reached skill level 1 in Dodging
   835 | D:2      | Reached skill level 1 in Unarmed Combat
   896 | D:2      | Reached XP level 4. HP: 31/34 MP: 11/11
  1041 | D:2      | Killed Robin
  1042 | D:2      | Reached skill level 1 in Conjurations
  1042 | D:2      | Reached skill level 1 in Hexes
  1042 | D:2      | Reached skill level 1 in Summonings
  1042 | D:2      | Reached skill level 1 in Necromancy
  1042 | D:2      | Reached skill level 1 in Translocations
  1042 | D:2      | Reached skill level 1 in Transmutations
  1042 | D:2      | Reached skill level 1 in Fire Magic
  1042 | D:2      | Reached skill level 1 in Ice Magic
  1042 | D:2      | Reached skill level 1 in Air Magic
  1042 | D:2      | Reached skill level 1 in Earth Magic
  1325 | D:3      | Found a blossoming altar of Fedhas.
  1502 | D:3      | Reached XP level 5. HP: 40/40 MP: 12/12
  1632 | D:3      | Noticed Sigmund
  1658 | D:3      | Killed Sigmund
  1659 | D:3      | Reached XP level 6. HP: 47/47 MP: 14/14
  1850 | D:3      | Noticed Grinder
  1856 | D:3      | Paralysed by Grinder for 2 turns
  1873 | D:3      | Killed Grinder
  1874 | D:3      | Reached XP level 7. HP: 12/52 MP: 15/15
  2212 | D:4      | Noticed Menkaure
  2253 | D:4      | Killed from afar by Menkaure

Illustrated notes

Levels and vault maps discovered:
D:1:      minmay_arrival_checkered_box, layout_basic,
          shapermc_ecumenical_altar_mp_vishouse, minmay_pentomino_w4
D:2:      layout_rooms, dreamdust_princess_corridor, minmay_3d_cube, uniq_robin
D:3:      layout_loops_ring, fedhas_ov_isle_minmay,
          chequers_serial_rivers_micro_a, uniq_grinder, uniq_sigmund
D:4:      layout_basic, pdpol_temple_overflow_zin_treasury_gozag_greed,
          kennysheep_okawaru_gauntlet, uniq_ijyb, uniq_menkaure

Skill      XL: |  1  2  3  4  5  6  7 |
---------------+----------------------+-----
Spellcasting   | 5 |  5.6
Invocations    | 1 2 |  2.6
Short Blades   | 1 2 |  2.4
Axes           | 1 2 |  2.4
Maces & Flails | 1 2 |  2.4
Polearms       | 1 2 |  2.4
Staves         | 1 2 |  2.4
Ranged Weapons | 1 2 |  2.4
Throwing       | 1 2 |  2.4
Armour         | 1 2 |  2.4
Dodging        | 1 2 |  2.4
Unarmed Combat | 1 2 |  2.4
Conjurations   | 1 2 |  2.0
Hexes          | 1 2 |  2.0
Summonings     | 1 2 |  2.0
Necromancy     | 1 2 |  2.0
Translocations | 1 2 |  2.0
Transmutations | 1 2 |  2.0
Fire Magic     | 1 2 |  2.0
Ice Magic      | 1 2 |  2.0
Air Magic      | 1 2 |  2.0
Earth Magic    | 1 2 |  2.0
Fighting       | 3 |  3.5
Long Blades    | 3 |  3.5
Stealth        | 3 |  3.4
Shields        | 3 |  3.5
Evocations     | 3 |  3.5
Poison Magic   | |  5.8

Action                   |  1- 3 |  4- 6 |  7- 9 || total
-------------------------+-------+-------+-------++-------
Melee: Falchion          |    44 |   104 |    21 ||   169
       Bite              |     7 |     8 |     2 ||    17
 Fire: Sling             |    35 |       |       ||    35
 Cast: Sting             |     1 |       |       ||     1
 Stab: Sleeping          |     1 |       |       ||     1
Armor: Robe              |     9 |     3 |       ||    12
       Chain mail        |       |    37 |     7 ||    44
Dodge: Dodged            |    25 |    23 |     4 ||    52
Block: Buckler           |    13 |    20 |     7 ||    40
